[Event "*** Titled Tuesday 3|2 Blitz"]
[Site "Chess.com"]
[Date "2016.02.02"]
[Round "2"]
[White "Noukii"]
[Black "attack2mateU"]
[Result "1/2-1/2"]
[WhiteElo "2706"]
[BlackElo "2457"]
[TimeControl "180+2"]
[EndTime "17:21:11 PST"]
[Termination "Game drawn - insufficient material"]

1. d4 Nf6 2. c4 e6 3. Nc3 Bb4 4. Nf3 b6 5. e3 Bb7 6. Bd3 Ne4 7.
O-O Bxc3 8. bxc3 O-O 9. Nd2 Nxd2 10. Bxd2 d6 11. e4 Nd7 12. f4 e5 13. c5 bxc5 14.
fxe5 dxe5 15. d5 c4 16. Bxc4 c6 17. dxc6 Bxc6 18. Qe2 Nc5 19. Rxf7 Rxf7 20. Bxf7+ Kxf7 21. Qc4+ Kg6 22. Qxc5 Qb6 23. Qxb6 axb6 24. Rb1 b5 25.
Rb2 Bxe4 26. Rxb5 Rxa2 27. Rxe5 Rxd2 28. Rxe4 Rc2 29. Re3 h5 30. g3 Kf5 31. h3 g5 32.
Kf1 h4 33. gxh4 gxh4 34. Ke1 Kf4 35. Kd1 Kxe3 36. Kxc2 Kf3 37. c4 Kg3 38. c5 Kxh3 39. c6 Kg2 40. c7 h3 41. c8=Q h2 42. Qg4+ Kh1 43. Qe2 Kg1 44. Qg4+ Kh1 45. Qf3+ Kg1 46.
Kd2 h1=Q 47. Qe3+ Kh2 48. Qf4+ Kg2 49. Ke2 Qh5+ 50. Ke1 Qa5+ 51. Ke2 Qb5+ 52. Ke3 Qc5+ 53. Qd4 Qxd4+ 54. Kxd4 1/2-1/2

[Event "*** Titled Tuesday 3|2 Blitz"]
[Site "Chess.com"]
[Date "2016.02.02"]
[Round "2"]
[White "TheMagician"]
[Black "DanielRensch"]
[Result "0-1"]
[WhiteElo "2115"]
[BlackElo "2317"]
[TimeControl "180+2"]
[EndTime "17:21:18 PST"]
[Termination "DanielRensch won by checkmate"]

1. c4 e5 2. Nc3 Nf6 3. g3 Nc6 4. Bg2 Bc5 5. e3 O-O 6. Nge2 d5 7. d4 exd4 8. exd4 Bb4 9. cxd5 Nxd5 10. O-O Be6 11. Nf4 Nxc3 12. bxc3 Bxc3 13. Nxe6 fxe6 14.
Rb1 Bxd4 15. Qg4 Bb6 16. Bxc6 bxc6 17. Qxe6+ Kh8 18. Qxc6 Qd3 19. Rb3 Qe2 20. Be3 Qxa2 21. Rc3 Rae8 22. Rc2 Qa5 23. Bxb6 cxb6 24. Qb7 h6 25. Rc7 Qe5 26. Qxa7 b5 27. Rb7 Ra8 28. Qb6 Ra2 29. Qxb5 Qd4 30. Rb8 Rxf2 31. Rxf8+ Rxf8+ 32. Kg2 Qd2+ 33. Kh3 Rd8 34. Qf5 Qd6 35. Rf4 Re8 36.
Qg4 Qe5 37. Qf5 Qe2 38. Rf2 Qe3 39. Qf7 Re5 40. Qf8+ Kh7 41. Rf4 Rh5+ 42. Rh4 Qe6+ 43. Kg2 Rf5 44. Qb4 Qe2+ 45. Kh3 Qf1+ 46. Kg4 Rg5# 0-1

[Event "*** Titled Tuesday 3|2 Blitz"]
[Site "Chess.com"]
[Date "2016.02.02"]
[Round "2"]
[White "GM_Huschenbeth"]
[Black "Yaacovn"]
[Result "0-1"]
[WhiteElo "2241"]
[BlackElo "2558"]
[TimeControl "180+2"]
[EndTime "17:21:26 PST"]
[Termination "Yaacovn won on time"]

1. e4 c6 2. d4 d5 3. e5 Bf5 4. Nf3 e6 5. Be2 Ne7 6. O-O Bg6 7. Nbd2 Nf5 8. Nb3 Nd7 9. a4 a6 10. a5 c5 11. c3 Rc8 12. Bd2 Be7 13. Nc1 O-O 14.
Nd3 cxd4 15. cxd4 Nb8 16. Nf4 Nc6 17. Bc3 Bb4 18. Qa4 Bxc3 19. bxc3 Nh4 20. Nxh4 Qxh4 21. g3 Qe7 22. Nxg6 hxg6 23. Rfb1 Rc7 24. Rb2 Rfc8 25. Rab1 Nd8 26. Qb4 Qxb4 27. cxb4 Rc1+ 28. Bf1 Rxb1 29. Rxb1 Kf8 30. b5 axb5 31. Rxb5 Rc1 32. Kg2 Rd1 33.
Rb4 Ra1 34. a6 bxa6 35. Rb8 Ke7 36. Ra8 Nc6 37. Bb5 Rc1 38. Rxa6 Nxd4 39. Ra7+ Kd8 40.
Ra8+ Kc7 41. Be8 g5 42. h3 f6 43. Ra7+ Kb6 44. Rxg7 fxe5 45. Rxg5 e4 46. Rg6 Kc5 47.
h4 Rc2 48. h5 e3 49. h6 Rxf2+ 50. Kh3 e2 51. h7 e1=Q 0-1

[Event "*** Titled Tuesday 3|2 Blitz"]
[Site "Chess.com"]
[Date "2016.02.02"]
[Round "2"]
[White "chesstatour"]
[Black "AungTZ"]
[Result "0-1"]
[WhiteElo "1957"]
[BlackElo "2100"]
[TimeControl "180+2"]
[EndTime "17:21:45 PST"]
[Termination "AungTZ won on time"]

1. c4 e5 2. Nc3 Nf6 3. Nf3 Nc6 4. d4 exd4 5. Nxd4 Be7 6. g3 O-O 7. Bg2 Nxd4 8. Qxd4 d6 9. O-O c6 10. Bf4 Qb6 11. Qxb6 axb6 12. Rfd1 Rd8 13. Rd2 Be6 14. b3 Ne8 15. Rad1 Rdc8 16. e4 h6 17. f3 Bf6 18.
Na4 Ra6 19. Bf1 c5 20. Be3 Bd7 21. Rb1 Bxa4 22. bxa4 Bc3 23. Rd3 Be5 24. f4 Bf6 25.
Rdb3 Bd8 26. a5 Rxa5 27. a3 Nf6 28. Bg2 Bc7 29. h3 Re8 30. e5 dxe5 31. Bxb7 exf4 32. Bxf4 Bxf4 33. gxf4 Re2 34. Bf3 Ra2 35. Rxb6 R5xa3 36. R1b3 Rxb3 37. Rxb3 g6 38. Rb5 Kg7 39. Rxc5 Nh5 40. f5 Nf4 41. h4 Rc2 42. Rc7 gxf5 43. Kf1 Ne6 44. Rc5 Nd4 0-1

[Event "*** Titled Tuesday 3|2 Blitz"]
[Site "Chess.com"]
[Date "2016.02.02"]
[Round "2"]
[White "BCNUM8"]
[Black "Konavets"]
[Result "0-1"]
[WhiteElo "2199"]
[BlackElo "2526"]
[TimeControl "180+2"]
[EndTime "17:21:54 PST"]
[Termination "Konavets won on time"]

1. d4 b5 2. Nf3 Bb7 3. e3 a6 4. c3 e6 5. Qb3 Be7 6. a4 b4 7. cxb4 Nc6 8. Bd2 f5 9. Be2 Nf6 10. Ne5 O-O 11. Nxc6 Bxc6 12. O-O Ne4 13. Be1 Bd6 14. Bf3 Bd5 15. Qc2 Qg5 16. g3 Rf6 17. Bg2 Rh6 18. Qe2 Rf8 19. Nc3 Bb7 20. b5 a5 21. f4 Qg6 22. Nxe4 fxe4 23. Bxa5 Rf5 24.
Qf2 Rfh5 25. h4 Qg4 26. Rac1 Bd5 27. Bxc7 Be7 28. Bd8 Bb4 29. Bg5 Rg6 30. Rc8+ Kf7 31.
Rc7 h6 32. Rxd7+ Kg8 33. Rxd5 exd5 34. f5 Rb6 35. f6 hxg5 36. fxg7 Kxg7 37. Qf7+ Kh6 38.
Rf6+ Rxf6 39. Qxf6+ Kh7 40. Qf7+ Kh8 41. Qf6+ Kg8 42. Qg6+ Kf8 43. Qf6+ Ke8 44. Qc6+ Qd7 45. Qg6+ Qf7 46. Qc6+ Kf8 47. Qc8+ Kg7 48. Qg4 Ba5 49.
b4 Bxb4 50. b6 Bd6 51. b7 Rh6 52. a5 Rf6 53. a6 Bb8 54. hxg5 Rxa6 55. g6 Rxg6 56.
Qc8 Bxg3 57. b8=Q Qf2+ 58. Kh1 Qe1+ 0-1

[Event "*** Titled Tuesday 3|2 Blitz"]
[Site "Chess.com"]
[Date "2016.02.02"]
[Round "2"]
[White "Zazuliak"]
[Black "dcremisi"]
[Result "1-0"]
[WhiteElo "2323"]
[BlackElo "2150"]
[TimeControl "180+2"]
[EndTime "17:21:55 PST"]
[Termination "Zazuliak won by resignation"]

1. d4 Nf6 2. c4 e6 3. Nc3 Bb4 4. Qc2 O-O 5. a3 Bxc3+ 6. Qxc3 b6 7. Bg5 Bb7 8. e3 d5 9. cxd5 exd5 10. Rc1 c6 11.
Bd3 Nbd7 12. f3 Qe7 13. Ne2 h6 14. Bh4 Rfe8 15. Bf2 a5 16. O-O Rec8 17. b4 axb4 18. axb4 b5 19. Rfe1 Nb6 20. Qc5 Qxc5 21. dxc5 Nc4 22.
Nd4 Ra4 23. Rb1 Nd7 24. Bf5 Rd8 25. Bh4 g5 26. Bg3 Nf8 27. h4 f6 28. Bc7 Rda8 29.
e4 dxe4 30. Bxe4 Nd2 31. Rb2 Nxe4 32. Rxe4 Ra1+ 33. Kh2 Rd1 34. Nf5 Rd7 35. Bd6 Kh7 36. Rbe2 Ng6 37. h5 Ne5 38. Bxe5 fxe5 39. Rxe5 Rf7 40. Re7 Rf8 41. Rxf7+ Rxf7 42. Re7 Rxe7 43.
Nxe7 Kg7 44. g4 Kf6 45. Nf5 Bc8 46. Nxh6 Be6 47. Kg3 Ke5 48. Nf5 Kd5 49. Ne7+ Kc4 50. Nxc6 Bd5 51. Ne7 Bf7 52. c6 1-0

[Event "*** Titled Tuesday 3|2 Blitz"]
[Site "Chess.com"]
[Date "2016.02.02"]
[Round "2"]
[White "Gabrielian_Artur"]
[Black "Kanthecarowin"]
[Result "1-0"]
[WhiteElo "2453"]
[BlackElo "2158"]
[TimeControl "180+2"]
[EndTime "17:22:10 PST"]
[Termination "Gabrielian_Artur won by resignation"]

1. e4 c6 2. d3 d6 3. Nf3 g6 4. g3 Bg7 5. Bg2 e5 6. O-O Ne7 7. c4 O-O 8. Nc3 f5 9. Re1 f4 10. d4 Nd7 11. dxe5 dxe5 12. b3 h6 13. Ba3 g5 14.
Bh3 Re8 15. Qc2 Ng6 16. Rad1 h5 17. Bf5 Ngf8 18. Qd2 g4 19. Nh4 Qg5 20. Ne2 Bh6 21.
Qd6 Nf6 22. Nc3 Be6 23. Qc7 Bxf5 24. Nxf5 Ne6 25. Qxb7 Nd4 26. Nxd4 exd4 27. Rxd4 fxg3 28. hxg3 Qe5 29. Red1 h4 30. Bd6 Qe6 31. e5 Nd7 32.
Ne4 hxg3 33. Qxd7 gxf2+ 34. Kf1 Qxd7 35. Nf6+ Kf7 36. Nxd7 g3 37. Kg2 Rg8 38. Nf6 Rg6 39.
Bc5 Rh8 40. Rd7+ Ke6 41. R1d6+ Kf5 42. Rf7 Bf8 43. Nh5+ Kg4 44. Rxg6+ Kxh5 45. Rxg3 Bxc5 46. Rh3+ Kg6 47. Rxh8 Kxf7 48. Rc8 Ke6 49. Rxc6+ 1-0

[Event "*** Titled Tuesday 3|2 Blitz"]
[Site "Chess.com"]
[Date "2016.02.02"]
[Round "2"]
[White "Anton_Demchenko"]
[Black "yurisolo"]
[Result "0-1"]
[WhiteElo "2614"]
[BlackElo "2456"]
[TimeControl "180+2"]
[EndTime "17:22:13 PST"]
[Termination "yurisolo won by checkmate"]

1. e4 c5 2. Nf3 d6 3. d4 Nf6 4. Nc3 cxd4 5. Nxd4 a6 6. h3 e6 7.
g4 h6 8. Bg2 Be7 9. b3 Nc6 10.
Nxc6 bxc6 11. Bb2 e5 12. Qd2 Be6 13. O-O-O Nd7 14. Kb1 Qc7 15. f4 exf4 16. Ne2 f3 17.
Bxf3 Ne5 18. Bg2 a5 19. Nd4 a4 20. Nf5 Bxf5 21. exf5 axb3 22. cxb3 O-O 23. Bd4 Bf6 24. Rhe1 Rfb8 25. Re2 Ra6 26. h4 Bxh4 27. Bxe5 dxe5 28. Qd7 Qa5 29. Rc1 Rd8 30. Qb7 Rb6 31. Rxe5 Qb4 32. Qc7 Rbb8 33. Qxc6 Bf6 34. Re2 Qd4 35. Be4 Re8 36.
Qc4 Qa1+ 37. Kc2 Qxa2+ 38. Kd1 Qa7 39. Bd5 Qg1+ 40. Kc2 Rxe2+ 41. Qxe2 Rc8+ 42. Bc4 Qd4 43. Rb1 Rd8 44. Qd3 Qf2+ 45. Kc1 Rxd3 46. Bxd3 Bg5+ 47. Kd1 Qd2# 0-1

[Event "*** Titled Tuesday 3|2 Blitz"]
[Site "Chess.com"]
[Date "2016.02.02"]
[Round "2"]
[White "ZEN-22"]
[Black "ItalianMachine"]
[Result "1-0"]
[WhiteElo "2377"]
[BlackElo "2232"]
[TimeControl "180+2"]
[EndTime "17:22:13 PST"]
[Termination "ZEN-22 won by resignation"]

1. g3 Nf6 2. Bg2 g6 3. Nf3 Bg7 4. d3 O-O 5. e4 d6 6. e5 Ne8 7. exd6 cxd6 8. O-O Nc6 9. Re1 Bg4 10. c3 Rc8 11. h3 Bd7 12. d4 e5 13. Bg5 Qb6 14. dxe5 Qxb2 15. Nbd2 h6 16. Nc4 Qb5 17. Nxd6 Nxd6 18.
Qxd6 Be6 19. Bf6 Qa5 20. Nd4 Nxd4 21. cxd4 Bxf6 22. exf6 Rfd8 23. Qf4 g5 24. Qf3 Qf5 25. Qxf5 Bxf5 26. d5 Rd6 27. g4 Bg6 28. Re7 Rb8 29. Rd1 a5 30. a3 b5 31. Ra7 b4 32. axb4 axb4 33. Rd2 b3 34. Rb2 Rxf6 35. Ra3 Rfb6 36.
d6 Kf8 37. d7 Ke7 38. Ra7 Bc2 39. Bd5 Rd6 40. d8=Q+ Kxd8 41. Bxf7 Rd1+ 42. Kh2 Rb1 43. Rxb1 Bxb1 44. Bxb3 Rxb3 45. Ra6 Bd3 46. Rxh6 Bf1 47.
Rh5 Ke7 48. Rh6 Rf3 49. h4 gxh4 50. Kg1 Bd3 51. Rxh4 Kf6 52. Kg2 Rf4 53. Kg3 Re4 54. Rh6+ Kg5 55. Rd6 Be2 56. f4+ Rxf4 57. Rd5+ 1-0

[Event "*** Titled Tuesday 3|2 Blitz"]
[Site "Chess.com"]
[Date "2016.02.02"]
[Round "2"]
[White "GMHess"]
[Black "tigra"]
[Result "1-0"]
[WhiteElo "2485"]
[BlackElo "2411"]
[TimeControl "180+2"]
[EndTime "17:22:30 PST"]
[Termination "GMHess won on time"]

1. b3 e5 2. Bb2 d6 3. e3 Nf6 4.
c4 g6 5. Nf3 Bg7 6. Be2 O-O 7.
O-O e4 8. Nd4 Re8 9. Nc3 Nbd7 10. f3 Nc5 11. b4 exf3 12. Nxf3 Ne6 13. Qb3 a5 14. a3 b6 15. Nd5 Bb7 16. Rae1 Bc6 17.
Bc3 axb4 18. axb4 Ne4 19. Bxg7 Nxg7 20. Qb2 f5 21. Nd4 Bb7 22. d3 Bxd5 23. cxd5 Ng5 24. Nc6 Qd7 25. Bd1 Nf7 26. Bb3 Ne5 27. Qc2 Kh8 28.
e4 fxe4 29. Rxe4 Nf5 30. Rfe1 h5 31. Qc3 Kh7 32. Nxe5 dxe5 33. Rxe5 Nd6 34. Re6 Qf7 35. Qc6 Rad8 36. h3 Kh6 37. Ba4 Rxe6 38. dxe6 Qe7 39. Qc1+ Kh7 40. Bd7 c5 41. bxc5 bxc5 42. Re5 Nf5 43.
Qxc5 Qxc5+ 44. Rxc5 Ne7 45. d4 Kg7 46. d5 Nf5 47. g4 hxg4 48. hxg4 Nd6 49. Rc6 Nf7 50.
e7 Rxd7 51. e8=Q Rxd5 52. Rc7 Rd1+ 53. Kf2 Rd2+ 54. Ke1 1-0

[Event "*** Titled Tuesday 3|2 Blitz"]
[Site "Chess.com"]
[Date "2016.02.02"]
[Round "2"]
[White "Dr-Bassem"]
[Black "spirals5"]
[Result "1-0"]
[WhiteElo "2476"]
[BlackElo "2240"]
[TimeControl "180+2"]
[EndTime "17:22:49 PST"]
[Termination "Dr-Bassem won by resignation"]

1. e4 c5 2. Nf3 d6 3. g3 Nf6 4. d3 Nc6 5. Bg2 e5 6. O-O h5 7. c3 Be7 8. Re1 Be6 9. d4 cxd4 10. cxd4 Bg4 11. dxe5 dxe5 12. Qb3 Rb8 13. Be3 O-O 14.
Nc3 Bxf3 15. Bxf3 Nd4 16. Qd1 Nxf3+ 17. Qxf3 Ng4 18. Bxa7 Ra8 19. Be3 Nxe3 20. Qxe3 b6 21. Nd5 Bc5 22. Qf3 Qg5 23. a3 h4 24. Rad1 f5 25.
exf5 Qxf5 26. Qxf5 Rxf5 27. Ne3 Rf7 28. Ng4 hxg3 29.
hxg3 Raf8 30. Rd2 Bd4 31. Kg2 Rf5 32. f4 Rc8 33. Nxe5 Bc5 34. Rc2 Rd8 35. Kf3 Rf6 36. Ree2 Rfd6 37. b4 Bd4 38. Nc6 R8d7 39. Nxd4 Rxd4 40.
Rc6 b5 41. Rc5 Rd3+ 42. Re3 Rxe3+ 43. Kxe3 Ra7 44. Rc3 Kf7 45. Kd4 Rd7+ 46. Ke5 Rd2 47. Re3 g6 48. f5 gxf5 49. Kxf5 Rd5+ 50. Re5 Rd3 51. g4 Rxa3 52. Rxb5 Rf3+ 53. Ke4 Rb3 54. Kd4 Kg6 55. Kc4 Rg3 56. g5 Rg1 57. Rc5 Rb1 58.
b5 Rb2 59. Rd5 Rc2+ 60. Kb4 Rc1 61. b6 Rb1+ 62. Kc5 Rc1+ 63. Kd6 Rb1 64. Kc6 Rc1+ 65. Rc5 Rb1 66. Rb5 Re1 67. b7 1-0

[Event "*** Titled Tuesday 3|2 Blitz"]
[Site "Chess.com"]
[Date "2016.02.02"]
[Round "2"]
[White "dretch"]
[Black "Hikaru"]
[Result "1/2-1/2"]
[WhiteElo "2464"]
[BlackElo "2831"]
[TimeControl "180+2"]
[EndTime "17:22:53 PST"]
[Termination "Game drawn by stalemate"]

1. d4 e6 2. c4 b6 3. e4 Bb7 4. Bd3 Nc6 5. Nf3 Nb4 6. O-O Ne7 7.
Nc3 g6 8. Be2 Bg7 9. Re1 O-O 10.
a3 Na6 11. Bg5 h6 12. Bd2 g5 13. h4 g4 14. Nh2 f5 15. Qc1 h5 16. d5 Nc5 17.
Bh6 Ng6 18. exf5 Rxf5 19. Qe3 Bxh6 20. Qxh6 Qf6 21. b4 Nb3 22. Rad1 Nxh4 23. Qxf6 Rxf6 24. Rd3 Raf8 25. Ne4 Rf5 26. Rxb3 exd5 27. cxd5 Bxd5 28. Rg3 Bxe4 29. Bxg4 hxg4 30. Rxe4 Kf7 31. Rexg4 Rh8 32. Rg7+ Ke8 33. Rd3 Re5 34. Rgxd7 Re1+ 35. Nf1 Nf3+ 36. gxf3 Rg8+ 37. Kh2 Rxf1 38. Rxc7 Rxf2+ 39. Kh3 Rfg2 40. Rc8+ Ke7 41. Rxg8 Rxg8 42. f4 Ke6 43. Rg3 Rc8 44. Kg4 a5 45. Re3+ Kf6 46. bxa5 bxa5 47. Re5 Rg8+ 48. Kf3 Ra8 49. a4 Ra7 50. Rb5 Ra8 51. Kg4 Ra6 52. Rh5 Kg6 53. f5+ Kg7 54. Kg5 Rb6 55.
Rh4 Rb1 56. f6+ Kf8 57. Rd4 Ra1 58. Kf5 Kf7 59. Rd7+ Kf8 60. Ke6 Re1+ 61. Kd5 Rd1+ 62. Kc6 Rxd7 63. Kxd7 Kf7 64. Kc6 Kxf6 65. Kb5 Ke7 66.
Kxa5 Kd8 67. Kb6 Kc8 68. a5 Kb8 69. a6 Ka8 70. a7 1/2-1/2

[Event "*** Titled Tuesday 3|2 Blitz"]
[Site "Chess.com"]
[Date "2016.02.02"]
[Round "2"]
[White "jcibarra"]
[Black "gmjoey1"]
[Result "0-1"]
[WhiteElo "2507"]
[BlackElo "2460"]
[TimeControl "180+2"]
[EndTime "17:22:53 PST"]
[Termination "gmjoey1 won by resignation"]

1. e4 c6 2. Nf3 d5 3. Nc3 dxe4 4. Nxe4 Nf6 5. Qe2 Nxe4 6. Qxe4 Qd5 7. Qf4 Qf5 8. Qe3 Qxc2 9. Bd3 Qa4 10. b3 Qg4 11. O-O Qe6 12. Ne5 Nd7 13. f4 Qd6 14. Bb2 e6 15.
Kh1 Nf6 16. f5 Be7 17. Rae1 exf5 18. Nc4 Qd8 19. Bxf5 Bxf5 20. Rxf5 Qd7 21. Ba3 O-O 22.
Rg5 Nd5 23. Rxd5 cxd5 24. Bxe7 dxc4 25. Bxf8 Rxf8 26. bxc4 h6 27. d4 Rd8 28. d5 b5 29.
cxb5 Qxd5 30. a4 Qd2 31. Qxd2 Rxd2 32. h3 Ra2 33. Re4 g5 34. Kh2 Kg7 35. Rc4 h5 36. Kg3 Kg6 37. Kf3 f6 38. Rb4 Ra3+ 39. Ke4 Ra2 40. Kd5 Rxg2 41. Kc6 Re2 42. Kb7 Re7+ 43. Ka6 f5 44. a5 g4 45. hxg4 hxg4 46. b6 axb6 47.
axb6 g3 48. Kb5 Kg5 49. Kc5 g2 50. Rb1 Kg4 51. Kd6 Rg7 52. Ke5 f4 53. b7 Re7+ 54. Kf6 Rxb7 55. Rxb7 f3 56. Rg7+ Kh3 57. Rh7+ Kg3 58.
Rg7+ Kh2 59. Rh7+ Kg1 0-1

[Event "*** Titled Tuesday 3|2 Blitz"]
[Site "Chess.com"]
[Date "2016.02.02"]
[Round "2"]
[White "JusticeBot"]
[Black "DanielNaroditsky"]
[Result "1-0"]
[WhiteElo "2438"]
[BlackElo "2546"]
[TimeControl "180+2"]
[EndTime "17:23:03 PST"]
[Termination "JusticeBot won on time"]

1. e4 e5 2. Nf3 Nc6 3. Bb5 a6 4. Ba4 Nf6 5. d3 d6 6. c3 g6 7. O-O Bg7 8. Re1 O-O 9. Nbd2 Nh5 10. Nf1 Bd7 11. d4 exd4 12. Bxc6 Bxc6 13. Nxd4 Bd7 14.
f3 Re8 15. Be3 Nf6 16. Qd2 d5 17. exd5 Nxd5 18. Bg5 Rxe1 19. Rxe1 Qf8 20. Ne3 Nxe3 21. Bxe3 Re8 22. Nb3 Bc6 23. Rd1 b6 24. Bd4 Bh6 25.
Qf2 a5 26. Re1 a4 27. Nd2 Bd5 28. Ne4 Bxe4 29. Rxe4 c5 30. Bf6 Rxe4 31. fxe4 Qd6 32. g3 Qd3 33. Kg2 Qxe4+ 34. Qf3 Qc2+ 35. Qf2 Qxf2+ 36.
Kxf2 Kf8 37. Bd8 b5 38. Kf3 c4 39. Ke4 Bc1 40. Kd5 Bxb2 41. Ba5 Ke7 42. Kc5 Ke6 43. Kxb5 Kd5 44. Kxa4 f5 45. Kb4 g5 46. Bc7 Bc1 47. a4 f4 48. gxf4 gxf4 49. a5 Be3 50. Bb6 Ke4 51. h4 f3 52. Bxe3 Kxe3 53. a6 f2 54. a7 f1=Q 55. a8=Q Qf4 56. Qe8+ Kd3 57. Qd7+ Kc2 58. Qxh7+ Kb2 59. Qe7 Qb8+ 60. Kxc4 Qc8+ 61. Kd5 Qxc3 62. Qe5 1-0

[Event "*** Titled Tuesday 3|2 Blitz"]
[Site "Chess.com"]
[Date "2016.02.02"]
[Round "2"]
[White "vellottiwizard"]
[Black "ruifeng"]
[Result "1/2-1/2"]
[WhiteElo "2433"]
[BlackElo "2265"]
[TimeControl "180+2"]
[EndTime "17:24:11 PST"]
[Termination "Game drawn - insufficient material"]

1. e4 e6 2. d4 d5 3. Nc3 Bb4 4. e5 c5 5. Bd2 Ne7 6. Nb5 Bxd2+ 7. Qxd2 O-O 8. f4 cxd4 9. Nf3 Nbc6 10. Nbxd4 Bd7 11. Bd3 h6 12. c3 Qb6 13. O-O-O Nxd4 14. Nxd4 Nc6 15. Nf3 d4 16. Kb1 dxc3 17. Qxc3 Rac8 18.
Be4 Nb4 19. Qd4 Bc6 20. Bxc6 Rxc6 21. Qxb6 Rxb6 22. Rd7 Nd5 23. g3 Rc8 24. Rc1 Rxc1+ 25. Kxc1 Kf8 26. Rd8+ Ke7 27. Rb8 Rc6+ 28. Kd2 Rc7 29. a3 b6 30. Nd4 f6 31. Nb5 Rd7 32. Nd6 fxe5 33. fxe5 Rd8 34. Rxd8 Kxd8 35. Kd3 Kd7 36. Kd4 Ne7 37. Ke4 a6 38. g4 Nc8 39.
Nf7 Ke7 40. Nh8 Kd7 41. Ng6 Ke8 42. h4 Ne7 43. Nf4 Kd7 44. Nh5 g6 45. Nf4 b5 46.
g5 hxg5 47. hxg5 a5 48. b3 a4 49. bxa4 bxa4 50. Kd3 Kc6 51. Kd4 Kd7 52. Ke4 Nc6 53. Nxg6 Na7 54. Nf4 Nb5 55. Nd3 Nxa3 56. Nc5+ Ke7 57.
Nxa4 Nc4 58. Nc5 Kf7 59. Kf4 Nb6 60. Nd3 Nd5+ 61. Kg4 Ne3+ 62. Kf3 Nc4 63. Ke4 Nd2+ 64. Ke3 Nc4+ 65. Kd4 Nd2 66. Ke3 Nc4+ 67. Ke4 Kg6 68.
Kf4 Nd2 69. Nc5 Kf7 70. Kg4 Nc4 71. Nd3 Kg7 72. Kf4 Kf7 73. Nc5 Nb2 74. Ke4 Nc4 75.
Kf4 Nb2 76. Nd7 Nd3+ 77. Ke4 Nf2+ 78. Ke3 Nh3 79. g6+ Kxg6 80. Nf8+ Kf5 81. Nxe6 Kxe6 82. Kd3 Kxe5 1/2-1/2

[Event "*** Titled Tuesday 3|2 Blitz"]
[Site "Chess.com"]
[Date "2016.02.02"]
[Round "2"]
[White "brauliocuarta"]
[Black "spectralsoul"]
[Result "0-1"]
[WhiteElo "1964"]
[BlackElo "2557"]
[TimeControl "180+2"]
[EndTime "17:25:03 PST"]
[Termination "spectralsoul won by resignation"]

1. d4 Nf6 2. c4 e6 3. Nc3 Bb4 4. e3 c5 5. Ne2 b6 6. a3 Ba5 7. Rb1 Na6 8. g3 Bb7 9. d5 O-O 10. Bg2 exd5 11. cxd5 Re8 12. O-O d6 13. e4 c4 14. Be3 Nc5 15. Bxc5 bxc5 16. Qa4 Ba6 17. Rfd1 Rb8 18. h3 h5 19. f4 Rb3 20. Bf3 Qb6 21.
g4 hxg4 22. hxg4 Re7 23. g5 Ne8 24. Qc6 Bxc3 25. Nxc3 Rxb2 26. Qxb6 Rxb6 27. Rxb6 axb6 28. Rb1 Rb7 29. e5 Kf8 30. a4 Ke7 31. Kf2 Rb8 32. Ke3 Nc7 33. exd6+ Kxd6 34. Ne4+ Kxd5 35. Rd1+ Ke6 36.
Bg4+ Ke7 37. Rd7+ Kf8 38. Rxc7 b5 39. axb5 Bxb5 40. Nd6 Be8 41. Rc8 Rb3+ 42. Ke2 Ke7 43. Nxe8 Rb2+ 44. Ke3 Rb3+ 45. Ke4 c3 46. Rxc5 Kxe8 47.
Kd3 Rb4 48. Kxc3 Rxf4 49. Be2 Ke7 50. Bb5 Kd6 51. Rc6+ Ke5 52. Rc7 Rf5 53. Kd3 Kf4 54.
Rc4+ Kxg5 55. Bd7 Re5 56. Rg4+ Kf6 57. Rf4+ Ke7 58. Bg4 Rd5+ 59. Kc4 Rg5 60. Kd4 f6 61.
Ke4 Re5+ 62. Kd4 Ra5 63. Re4+ Kf8 64. Bd7 g5 65. Ke3 Kf7 66. Kf2 Rc5 67. Kg3 f5 68. Re1 Kf6 69. Rf1 f4+ 70. Kg4 Rc3 71. Rf3 Rc1 72.
Ra3 Rg1+ 73. Kh3 Ke5 74. Ra5+ Kd4 75. Bg4 Rg3+ 76. Kh2 Rxg4 77. Kh3 Rg3+ 78. Kh2 Ke4 79. Rb5 g4 80. Rb4+ Ke5 81. Rb5+ Ke6 82. Ra5 Kf6 83. Rh5 Kg6 84. Ra5 Rd3 85. Rh5 Kxh5 0-1

[Event "*** Titled Tuesday 3|2 Blitz"]
[Site "Chess.com"]
[Date "2016.02.02"]
[Round "3"]
[White "davidarenas1224"]
[Black "Winehouse83"]
[Result "1-0"]
[WhiteElo "2083"]
[BlackElo "2281"]
[TimeControl "180+2"]
[EndTime "17:27:56 PST"]
[Termination "davidarenas1224 won by resignation"]

1. e4 e5 2. Nf3 Nc6 3. Bb5 a6 4. Ba4 Nf6 5. O-O b5 6. Bb3 Bc5 7. d3 O-O 8. a4 Bb7 9. axb5 axb5 10. Rxa8 Bxa8 11. Nc3 b4 12. Nd5 Nxd5 13. Bxd5 d6 14. c3 bxc3 15. bxc3 Ne7 16. Bc4 Ng6 17. Be3 Qf6 18.
Bg5 1-0

[Event "*** Titled Tuesday 3|2 Blitz"]
[Site "Chess.com"]
[Date "2016.02.02"]
[Round "3"]
[White "Malev212"]
[Black "Hikaru"]
[Result "0-1"]
[WhiteElo "2327"]
[BlackElo "2832"]
[TimeControl "180+2"]
[EndTime "17:28:24 PST"]
[Termination "Hikaru won by resignation"]

1. Nf3 d6 2. d4 f5 3. g3 g6 4.
Bg2 Bg7 5. O-O Nf6 6. c4 O-O 7. Nc3 c6 8. d5 e5 9. e4 f4 10. gxf4 Bg4 11. fxe5 Nfd7 12. Qb3 Bxf3 13. Qxb7 Bxe5 0-1

[Event "*** Titled Tuesday 3|2 Blitz"]
[Site "Chess.com"]
[Date "2016.02.02"]
[Round "3"]
[White "jcibarra"]
[Black "ruifeng"]
[Result "0-1"]
[WhiteElo "2493"]
[BlackElo "2290"]
[TimeControl "180+2"]
[EndTime "17:30:02 PST"]
[Termination "ruifeng won by checkmate"]

1. e4 c5 2. Nf3 d6 3. d4 cxd4 4.
Nxd4 Nf6 5. Nc3 a6 6. Be3 e5 7. Nf3 Qc7 8. a4 Be6 9. a5 Qc6 10.
Ng5 d5 11. Nxe6 fxe6 12. Ra4 d4 13. Rc4 Qd7 14. Na4 dxe3 15. Nb6 exf2+ 16. Ke2 Qb5 17.
Nxa8 Qxc4+ 18. Kxf2 Bc5+ 19. Kg3 Nxe4+ 20. Kh3 Ng5+ 21. Kg3 Qf4# 0-1

[Event "*** Titled Tuesday 3|2 Blitz"]
[Site "Chess.com"]
[Date "2016.02.02"]
[Round "3"]
[White "Konavets"]
[Black "HustleStandard"]
[Result "1-0"]
[WhiteElo "2535"]
[BlackElo "2373"]
[TimeControl "180+2"]
[EndTime "17:30:21 PST"]
[Termination "Konavets won by resignation"]

1. c4 Nf6 2. Nc3 e5 3. g3 g6 4.
Bg2 Bg7 5. e3 O-O 6. Nge2 c6 7.
O-O d5 8. cxd5 cxd5 9. d4 e4 10. Nf4 g5 11. Nh5 Nxh5 12. Qxh5 f5 13. b3 Be6 14.
Ba3 Rf6 15. Qxg5 f4 16. exf4 Nc6 17. Rad1 Qa5 18. Bb2 Rg6 19. Qh5 Nxd4 20. Rxd4 Bxd4 21. f5 Bxf5 22. b4 Bg4 23. Qxg6+ 1-0

[Event "*** Titled Tuesday 3|2 Blitz"]
[Site "Chess.com"]
[Date "2016.02.02"]
[Round "3"]
[White "Dlugy"]
[Black "Zazuliak"]
[Result "1-0"]
[WhiteElo "2559"]
[BlackElo "2320"]
[TimeControl "180+2"]
[EndTime "17:31:08 PST"]
[Termination "Dlugy won by resignation"]

1. d4 d5 2. Bf4 Nf6 3. e3 c6 4. c4 Bf5 5. Nc3 e6 6. Qb3 Qb6 7.
c5 Qxb3 8. axb3 a6 9. h3 Nbd7 10. b4 Rc8 11. Nf3 Be7 12. Nd2 Bd8 13. Nb3 O-O 14.
g4 Bc2 15. Na5 Bxa5 16. bxa5 Rfe8 17. Bd6 e5 18. Kd2 exd4 19. exd4 Bg6 20. f3 h6 21. Ra4 Ra8 22. Rb4 Ra7 23. Be2 Re6 24. Ra1 Ne8 25. Bg3 Re7 26. Ra3 Nf8 27. Rab3 Ne6 28. Bd1 Nd8 29. Na4 Nc7 30. Nb6 Re6 31.
Bxc7 1-0

[Event "*** Titled Tuesday 3|2 Blitz"]
[Site "Chess.com"]
[Date "2016.02.02"]
[Round "3"]
[White "kharposh"]
[Black "HansCoolNiemann"]
[Result "0-1"]
[WhiteElo "2045"]
[BlackElo "2205"]
[TimeControl "180+2"]
[EndTime "17:31:38 PST"]
[Termination "HansCoolNiemann won by resignation"]

1. e4 c5 2. Nf3 e6 3. d4 cxd4 4.
Nxd4 a6 5. Bc4 b5 6. Bb3 Bb7 7.
Nc3 b4 8. Nd5 exd5 9. exd5 Bc5 10. O-O Ne7 11. Qg4 O-O 12. Bh6 Bxd4 13. Qxd4 gxh6 14.
f4 d6 15. f5 Nd7 16. Qg4+ Kh8 17. Qh5 f6 18. Qxh6 Ne5 19. Rad1 a5 20. c4 a4 21. Bc2 b3 22. axb3 axb3 23. Bb1 Ra1 24. Rf4 Ng8 25. Qh5 Qb6+ 26. Kh1 Rf7 27. Re4 Rg7 28. Qe8 Qf2 29. Rg1 Qxg2+ 0-1

[Event "*** Titled Tuesday 3|2 Blitz"]
[Site "Chess.com"]
[Date "2016.02.02"]
[Round "3"]
[White "ItalianMachine"]
[Black "brauliocuarta"]
[Result "1-0"]
[WhiteElo "2235"]
[BlackElo "1961"]
[TimeControl "180+2"]
[EndTime "17:31:42 PST"]
[Termination "ItalianMachine won by resignation"]

1. e4 c5 2. c4 e6 3. Nc3 a6 4. g3 b6 5. Bg2 Bb7 6. Nge2 Qc7 7. O-O d6 8. d3 Nf6 9. h3 Nbd7 10. Be3 Be7 11. Rc1 O-O 12. d4 cxd4 13. Nxd4 Rac8 14. Kh2 Qb8 15. b3 Rfe8 16. f4 Nc5 17. Qc2 b5 18. b4 Ncd7 19. cxb5 axb5 20. Ndxb5 Nxe4 21. Bxe4 d5 22. Bxh7+ Kh8 23. Bd3 Bxb4 24. Qe2 Ba6 25. Qh5+ Kg8 26.
Qh7+ Kf8 27. Qh8+ Ke7 28. Qxg7 Rg8 29. Qh6 Nf6 30. Bd4 Nd7 31. Nxd5+ exd5 32. Qxa6 Rxc1 33. Rxc1 Rc8 34. Rxc8 1-0